Map: Abiogenesis LE

Players

Infamous

  • Race: Protoss Protoss
  • League: Silver
  • Spawn Location: 5:00

tutlejam - Winner!

  • Race: Protoss Protoss
  • Spawn Location: 11:00

VOD

Have the link to the VOD?

Description

Time

  • Played on: March 29, 2018, 12:44 p.m.
  • Length: 8:37
Show
View Real Time Build Order
Export as new Build Order

Infamous Protoss 

Build Orders:  

Get SALT Encoding   

  12  0:01  Probe  
  13  0:13  Probe  
  14  0:22  Pylon  
  14  0:25  Probe  
  15  0:40  Probe (Chrono Boost)  
  16  0:43  Gateway  
  16  0:52  Probe (Chrono Boost)  
  17  0:57  Assimilator  
  17  1:04  Probe (Chrono Boost)  
  18  1:13  Probe  
  19  1:22  Pylon  
  19  1:30  Zealot (Chrono Boost)  
  21  1:35  Cybernetics Core  
  21  1:38  Probe  
  22  1:41  Pylon  
  22  1:50  Probe  
  23  2:12  Warp Gate  
  23  2:14  Pylon  
  23  2:15  Probe (Chrono Boost)  
  24  2:23  Robotics Facility  
  24  2:27  Assimilator  
  23  2:39  Pylon  
  23  2:43  Gateway  
  23  2:54  Probe  
  24  3:07  Twilight Council  
  24  3:10  Observer (Chrono Boost)  
  25  3:19  Probe  
  26  3:24  Pylon  
  26  3:34  Nexus  
  26  3:36  Probe  
  28  4:02  Probe (Chrono Boost)  
  27  4:03  Charge  
  27  4:14  Probe (Chrono Boost)  
  27  4:25  Gateway  
  27  4:26  Gateway  
  27  4:28  Gateway  
  27  4:34  Gateway  
  27  4:42  Forge  
  28  4:46  Probe (Chrono Boost)  
  28  4:48  Probe (Chrono Boost)  
  29  4:58  Probe (Chrono Boost)  
  29  4:59  Probe (Chrono Boost)  
  31  5:02  Stalker  
  33  5:21  Zealot  
  33  5:37  Stalker  
  33  5:41  Zealot  
  37  5:46  Immortal (Chrono Boost)  
  41  5:57  Gateway  
  38  6:05  Stalker x2  
  38  6:17  Stalker  
  34  6:25  Probe  
  32  6:29  Zealot x2  
  36  6:36  Probe  
  36  6:37  Probe  
  36  6:48  Probe  
  36  6:51  Stalker  
  36  6:52  Stalker x2  
  39  7:05  Immortal (Chrono Boost)  
  39  7:06  Pylon  
  43  7:09  Pylon  
  43  7:16  Zealot  
  43  7:19  Zealot  
  47  7:23  Zealot  
  49  7:32  Probe  
  49  7:33  Shield Battery  
  49  7:35  Probe  
  51  7:45  Sentry x2  
  51  7:46  Sentry  
  31  8:20  Stalker  
  31  8:22  Zealot x3  
Show
View Real Time Build Order
Export as new Build Order

tutlejam Protoss - Winner!

Build Orders:  

Get SALT Encoding   

  12  0:00  Probe  
  13  0:13  Probe  
  14  0:18  Pylon  
  14  0:25  Probe  
  15  0:37  Probe  
  15  0:39  Gateway  
  16  0:47  Assimilator  
  16  0:49  Probe  
  17  0:54  Assimilator  
  17  1:08  Assimilator  
  17  1:12  Probe  
  18  1:24  Probe  
  19  1:35  Cybernetics Core  
  19  1:40  Probe  
  20  1:52  Probe  
  20  2:04  Probe  
  21  2:10  Nexus  
  21  2:16  Probe  
  22  2:23  Robotics Facility  
  22  2:30  Pylon  
  22  2:39  Probe  
  22  2:43  Warp Gate  
  23  2:47  Stalker (Chrono Boost)  
  25  2:57  Probe  
  26  3:09  Probe, Stalker  
  29  3:17  Pylon  
  29  3:26  Shield Battery  
  29  3:31  Probe x2  
  29  3:33  Observer (Chrono Boost)  
  32  3:39  Stalker  
  34  3:43  Gateway  
  34  3:44  Probe  
  35  4:22  Immortal (Chrono Boost)  
  35  4:30  Stalker  
  41  4:31  Stalker  
  43  4:42  Probe x2, Gateway  
  43  4:44  Pylon  
  45  4:47  Pylon  
  45  4:54  Probe x2  
  47  5:07  Probe  
  47  5:08  Probe  
  47  5:12  Assimilator  
  49  5:16  Assimilator  
  49  5:19  Probe  
  50  5:38  Immortal (Chrono Boost)  
  54  5:43  Stalker  
  54  5:44  Stalker x2  
  60  6:10  Immortal  
  62  6:13  Stalker  
  62  6:14  Stalker x2  
  68  6:27  Probe x2  
  70  6:40  Nexus  
  70  6:42  Pylon  
  70  6:43  Probe x2, Gateway x2  
  70  6:45  Pylon  
  70  6:49  Pylon  
  70  6:50  Assimilator  
  64  6:55  Probe, Assimilator  
  65  7:02  Probe  
  65  7:07  Probe  
  67  7:15  Probe  
  68  7:19  Probe  
  69  7:27  Probe, Forge  
  69  7:29  Forge  
  70  7:31  Probe, Pylon  
  70  7:33  Immortal (Chrono Boost)  
  75  7:39  Probe  
  75  7:41  Stalker x5  
  75  7:43  Probe  
  87  8:11  Stalker x2  
  87  8:12  Stalker x3  
Tags
 
League
Silver
Matchup
PvP
Replay Pack
Last Remnant (2)
Spawn Locations
Cross Positions
Add a new tag
Caveats
  • Supply blocks, unpowered buildings, or Contaminate may cause inaccurate times.
  • Supply counts are checked every 10 seconds.